 Seeded DCSS version 0.29.1-1-gd02db6906a (webtiles) character file.

Game seed: 17845553201672341576 (custom seed)

13106 Iusername the Carver (level 11, -7/101 HPs)
             Began as a Minotaur Fighter on Sept 21, 2022.
             Was a Believer of Trog.
             Mangled by a death yak (19 damage)
             ... on level 2 of the Lair of Beasts.
             The game lasted 00:32:00 (16790 turns).

Iusername the Carver (Minotaur Fighter)            Turns: 16790, Time: 00:32:01

Health: -7/101     AC: 15    Str: 28    XL:     11   Next: 71%
Magic:  10/10      EV: 12    Int:  8    God:    Trog [**....]
Gold:   271        SH:  6    Dex: 13    Spells: 10/10 levels left

rFire   + + .      SeeInvis .   a - +1 long sword
rCold   . . .      Faith    .   c - +0 buckler
rNeg    + . .      Spirit   .   b - +1 scale mail
rPois   +          Reflect  .   i - +2 hood of the Assassin {Detection Stab+ Stlth++}
rElec   .          Harm     .   (no cloak)
rCorr   .          Rampage  .   (no gloves)
Will    +....                   q - +2 pair of boots
Stlth   +++.......              (no amulet)
HPRegen 0.26/turn               d - ring of Moodiness {rPois rF++ Str+6}
MPRegen 0.12/turn               G - ring of Simit {Contam +Blink Fly rN+ Will+ Int+3}

@: on berserk cooldown, flying, slowed, very slow
A: horns 2, retaliatory headbutt
a: Renounce Religion, Evoke Blink, Berserk, Trog's Hand


You were on level 2 of the Lair of Beasts.
You worshipped Trog.
Trog was pleased with you.
You visited 2 branches of the dungeon, and saw 11 of its levels.

You collected 822 gold pieces.
You spent 551 gold pieces at shops.

Inventory:

Hand Weapons
 a - a +1 long sword (weapon)
Missiles
 p - 8 javelins
Armour
 b - a +1 scale mail (worn)
 c - a +0 buckler (worn)
 i - the +2 hood of the Assassin (worn) {Detection Stab+ Stlth++}
   (You acquired it on level 1 of the Dungeon)

   It allows the wearer to sense nearby creatures.
   It allows the wearer to make particularly effective stabbing attacks against
   helpless or unaware enemies with any weapon.
   Stlth:     It makes you much more stealthy.
 q - a +2 pair of boots (worn)
Jewellery
 d - the ring of Moodiness (left hand) {rPois rF++ Str+6}
   (You acquired it on level 3 of the Dungeon)

   [ring of strength]

   Str:       It affects your strength (+6).
   rF:        It greatly protects you from fire.
   rPois:     It protects you from poison.
 h - a ring of flight
 y - a +6 ring of dexterity
 G - the ring of Simit (right hand) {Contam +Blink Fly rN+ Will+ Int+3}
   (You bought it in a shop on level 6 of the Dungeon)

   [ring of positive energy]

   Int:       It affects your intelligence (+3).
   rN:        It protects you from negative energy.
   Fly:       It grants you flight.
   +Blink:    It lets you blink.
   Contam:    It causes magical contamination when unequipped.
   Will:      It increases your willpower.
Wands
 e - a wand of acid (4) (quivered)
 v - a wand of roots (4)
 B - a wand of paralysis (5)
Scrolls
 f - 2 scrolls of torment
 g - a scroll of fear
 l - 2 scrolls of noise
 o - 9 scrolls of teleportation
 r - a scroll of butterflies
 u - 2 scrolls of magic mapping
 x - 3 scrolls of immolation
 C - a scroll of amnesia {unknown}
 F - a scroll of blinking {unknown}
Potions
 j - 3 potions of curing
 m - 2 potions of lignification
 n - a potion of magic
 s - a potion of attraction {unknown}
 t - a potion of flight {unknown}
 w - a potion of mutation
 z - a potion of resistance {unknown}
 D - 2 potions of haste
 E - a potion of invisibility


   Skills:
 + Level 10.7 Fighting
 + Level 13.3 Long Blades
 + Level 0.6 Throwing
 + Level 11.2 Armour
 + Level 6.2 Dodging
 + Level 4.5 Stealth
 + Level 7.2 Shields
 + Level 0.8 Evocations


You had 10 spell levels left.
You didn't know any spells.
Your spell library contained the following spells:

 Spells                   Type           Power      Damage    Failure   Level
 Necrotise                Necr           0%         1d4       71%         1
 Vampiric Draining        Necr           0%         2d6       97%         3
 Agony                    Necr           0%         N/A       100%        5


Dungeon Overview and Level Annotations

Branches:
Dungeon (9/15)             Temple (0/1) D:5            Lair (2/5) D:9
    Orc (0/2) D:9
  Swamp: Lair:2-3    Shoals: Lair:2-3     Snake: Lair:2-3    Spider: Lair:2-3

Altars:
Cheibriados
Elyvilon
Gozag
Hepliaklqana
Qazlal
Sif Muna
Trog

Shops:
D:6 *=   D:9 ?

Annotations:
D:3 1 runed translucent door, lambentLogic's ghost, amateur KoEn


Innate Abilities, Weirdness & Mutations

You have a pair of horns on your head.
You reflexively headbutt those who attack you in melee.


Message History

You headbutt the death yak! You hit the death yak.
You kill the death yak!
Trog accepts your kill.
You hit the death yak.
You headbutt the death yak, but do no damage.
The death yak is lightly wounded.
The death yak barely misses you. You furiously retaliate!
You headbutt the death yak, but do no damage.
You slash the death yak!
The death yak is moderately wounded.
The death yak gores you but does no damage.
You slash the death yak!
The death yak is moderately wounded.
The death yak gores you!
* * * LOW HITPOINT WARNING * * *
The death yak closely misses you.
You slash the death yak!
The death yak is heavily wounded.
The death yak barely misses you.
You hit the death yak. You headbutt the death yak.
The death yak is severely wounded.
The death yak gores you!
* * * LOW HITPOINT WARNING * * *
You hit the death yak.
The death yak is severely wounded.
The death yak gores you but does no damage.
You barely miss the death yak.
The death yak is severely wounded.
The death yak closely misses you.
You slash the death yak!
The death yak is almost dead.
The death yak closely misses you. The death yak gores you!
* * * LOW HITPOINT WARNING * * *
You feel better.
The death yak gores you but does no damage.
You slash the death yak! You headbutt the death yak.
The death yak is almost dead.
The death yak gores you!!
You die...

#.#.P..#...#........
#...................
...P.
#....#.#PP##..##...#
.....
##..................#
...#
#....##.#......##. .
..## #.#..######..###
.#...# ######
#...#### ###...####P
##..##.###..........
##.@Y.........#
#####....#........
#.##..#.###...
###...### . ##..#
#.## #.. #.# ###


You could see a death yak.

Vanquished Creatures
  5 death yaks (Lair:2)
  A black mamba (Lair:1)
  A cane toad (Lair:1)
  2 komodo dragons
  3 trolls
  A shadow (D:9)
  15 yaks (Lair:1)
  Grum (D:9)
  Menkaure (D:4)
  Duvessa (D:6)
  8 water moccasins
  2 sky beasts
  A black bear (D:4)
  2 ogres
  3 orc warriors (D:9)
  An ice beast (D:3)
  2 centaurs
  9 wolves
  2 phantoms
  2 kobold brigands
  3 necrophages
  13 bullfrogs
  4 scorpions
  5 wights (D:8)
  Dowan (D:6)
  14 killer bees
  2 howler monkeys
  2 electric eels (D:7)
  9 hounds
  A jelly (D:4)
  An orc priest (D:4)
  5 orc wizards
  Ijyb (D:4)
  3 iguanas
  Robin (D:2)
  5 adders
  A shadow imp (D:5)
  An ufetubus (D:6)
  A worm (D:3)
  22 orcs
  4 ball pythons
  4 bats
  7 endoplasms
  6 giant cockroaches
  19 goblins
  8 hobgoblins
  3 jackals
  A quokka (D:5)
  2 frilled lizards
  12 kobolds
  5 rats
229 creatures vanquished.

Vanquished Creatures (others)
  An endoplasm (D:4)
  73 fungi
  52 plants
  2 withered plants (D:3)
128 creatures vanquished.

Grand Total: 357 creatures vanquished

Notes
Turn   | Place    | Note
-------+----------+-------------------------------------------
     0 | D:1      | Iusername the Minotaur Fighter began the quest for the Orb.
     0 | D:1      | Reached XP level 1. HP: 19/19 MP: 0/0
   217 | D:1      | Reached XP level 2. HP: 23/27 MP: 1/1
   302 | D:1      | Found a faded altar of an unknown god.
   887 | D:1      | Identified a scroll of acquirement
   887 | D:1      | Acquired the +2 hood of the Assassin {Detection Stab+
                  | Stlth++}
   887 | D:1      | Found the +2 hood of the Assassin {Detection Stab+ Stlth++}
   938 | D:2      | Reached XP level 3. HP: 32/33 MP: 2/2
  1294 | D:2      | Noticed Robin
  1296 | D:2      | Reached skill level 3 in Long Blades
  1314 | D:2      | Killed Robin
  1315 | D:2      | Reached XP level 4. HP: 27/40 MP: 3/3
  1885 | D:3      | Found a runed translucent door.
  1893 | D:3      | Noticed lambentLogic's ghost (amateur KoEn)
  1965 | D:3      | Found a bloodstained altar of Trog.
  2036 | D:3      | Became a worshipper of Trog the Wrathful
  2079 | D:3      | Noticed an ice beast
  2085 | D:3      | Killed an ice beast
  2086 | D:3      | Reached skill level 4 in Long Blades
  2086 | D:3      | Reached skill level 5 in Armour
  2086 | D:3      | Reached skill level 1 in Dodging
  2086 | D:3      | Reached XP level 5. HP: 35/47 MP: 4/4
  2095 | D:3      | Acquired the ring of Moodiness {rPois rF++ Str+6}
  2187 | D:3      | Found an opulent altar of Gozag.
  2616 | D:3      | Found a hazy altar of Hepliaklqana.
  2758 | D:4      | Noticed Ijyb
  2779 | D:4      | Killed Ijyb
  3229 | D:4      | Found a white marble altar of Elyvilon.
  3304 | D:4      | Noticed a black bear
  3314 | D:4      | Killed a black bear
  3315 | D:4      | Reached skill level 5 in Long Blades
  3315 | D:4      | Reached XP level 6. HP: 47/53 MP: 5/5
  3649 | D:4      | Found a stormy altar of Qazlal.
  3649 | D:4      | Found a shimmering blue altar of Sif Muna.
  3888 | D:4      | Noticed Menkaure
  3898 | D:4      | Killed Menkaure
  3899 | D:4      | Reached skill level 5 in Fighting
  3899 | D:4      | Reached skill level 6 in Long Blades
  3899 | D:4      | Reached XP level 7. HP: 35/61 MP: 6/6
  4370 | D:4      | Reached * piety under Trog
  4650 | D:5      | Entered Level 5 of the Dungeon
  4711 | D:5      | Reached skill level 1 in Stealth
  4761 | D:5      | Found a staircase to the Ecumenical Temple.
  4788 | D:5      | Reached skill level 7 in Long Blades
  4972 | D:5      | HP: 3/62 [ogre/+0 giant club (22)]
  4977 | D:5      | Reached XP level 8. HP: 31/70 MP: 7/7
  5841 | D:5      | Noticed a troll
  5895 | D:5      | Reached skill level 8 in Long Blades
  5905 | D:5      | Killed a troll
  5906 | D:5      | Reached skill level 5 in Shields
  6764 | D:6      | Found Vuddua's Fire Supplies.
  6869 | D:6      | Noticed Duvessa
  6869 | D:6      | Noticed Dowan
  6884 | D:6      | Killed Duvessa
  6886 | D:6      | Reached XP level 9. HP: 78/78 MP: 8/8
  6891 | D:6      | Killed Dowan
  7219 | D:6      | Found a snail-covered altar of Cheibriados.
  7281 | D:6      | Found Meithe's Jewellery Boutique.
  7750 | D:6      | Reached skill level 9 in Long Blades
  8494 | D:7      | Reached ** piety under Trog
  9516 | D:6      | Bought the ring of Simit {Contam +Blink Fly rN+ Will+
                  | Int+3} for 551 gold pieces
 10250 | D:8      | Reached skill level 10 in Long Blades
 10623 | D:9      | Noticed a troll
 10633 | D:9      | Killed a troll
 10635 | D:9      | Reached XP level 10. HP: 80/88 MP: 9/9
 11182 | D:9      | Found Ympuwej's Magic Scroll Shop.
 11225 | D:9      | Found a staircase to the Orcish Mines.
 11646 | D:9      | Reached *** piety under Trog
 12128 | D:9      | Noticed Grum
 12147 | D:9      | Reached skill level 10 in Armour
 12156 | D:9      | Killed Grum
 12157 | D:9      | Reached skill level 11 in Long Blades
 12751 | D:9      | Found a staircase to the Lair.
 13159 | D:9      | Identified the +0 helmet of Light {+Blink SInv Stlth-}
 13615 | Lair:1   | Entered Level 1 of the Lair of Beasts
 13654 | Lair:1   | Noticed a black mamba
 13666 | Lair:1   | Killed a black mamba
 13882 | Lair:1   | Reached skill level 12 in Long Blades
 14473 | Lair:1   | Reached XP level 11. HP: 97/97 MP: 10/10
 14489 | Lair:1   | Reached skill level 5 in Dodging
 15349 | Lair:1   | Reached skill level 10 in Fighting
 16238 | Lair:2   | Noticed a death yak
 16238 | Lair:2   | Noticed a death yak
 16244 | Lair:2   | Noticed a death yak
 16249 | Lair:2   | Noticed a death yak
 16252 | Lair:2   | Noticed a death yak
 16252 | Lair:2   | Killed a death yak
 16254 | Lair:2   | Noticed a death yak
 16276 | Lair:2   | Killed a death yak
 16288 | Lair:2   | HP: 5/101 [death yak (10)]
 16753 | Lair:2   | Killed a death yak
 16754 | Lair:2   | Reached skill level 13 in Long Blades
 16766 | Lair:2   | Killed a death yak
 16780 | Lair:2   | Killed a death yak
 16788 | Lair:2   | HP: 4/101 [death yak (11)]
 16790 | Lair:2   | Mangled by a death yak

Illustrated notes

Levels and vault maps discovered:
D:1:      lordsloth_arrival_two_stooges, layout_basic,
          shapermc_ecumenical_altar_petra, dk_noncrumbling_4
D:2:      layout_basic, uniq_robin
D:3:      layout_loops_ring, nicolae_gozag_seed_capital,
          nzn_hepliaklqana_mist_gate, mainiacjoe_overflow_catwalk,
          gammafunk_ghost_grave, kennysheep_nub, chequers_serial_rivers_room_a,
          hangedman_abyss_or_decor_stabs
D:4:      layout_basic, elyvilon_altar_4, nicolae_overflow_two_pavilions,
          st_stairs_4, uniq_menkaure, uniq_ijyb
D:5:      minmay_chambers_of_fours, layout_loops_ring, minmay_temple_entry_tees
D:6:      minmay_angry_zag, layout_loops_corners, marbit_many_paths,
          serial_shops, nicolae_shop_window_shopping, nicolae_shop_fire_sale
          [nicolae_sub_dead_trees], ebering_dispersal_statue_hall, uniq_duvessa
D:7:      statuecave_lemuel, layout_cave_pods, serial_column_ruins,
          column_ruins_open_tiny, column_ruins_columns_straight,
          column_ruins_open_tiny, column_ruins_columns_straight
D:8:      layout_rooms, serial_aquarium, aquarium_bridge_straight
          [aquarium_subvault_bridge, aquarium_subvault_wall,
          aquarium_subvault_bridge, aquarium_subvault_wall],
          aquarium_bridge_island_small [aquarium_subvault_small_open,
          aquarium_subvault_window, aquarium_subvault_window,
          aquarium_subvault_bridge, aquarium_subvault_bridge],
          aquarium_window_fake, aquarium_window_2, aquarium_window_1,
          aquarium_window_2, aquarium_view_2c, aquarium_view_2c,
          aquarium_pool_double
D:9:      layout_basic, due_lair_maze_entry_diamond, serial_shops,
          nicolae_diamond_shop, uniq_grum
Lair:1:   layout_long_grid
Lair:2:   layout_loops_ring, minmay_shoals_entry_hut,
          spider_nest_entry_funnel_web, basic_altar, lemuel_fruit_fields

Skill      XL: |  1  2  3  4  5  6  7  8  9 10 11 |
---------------+----------------------------------+-----
Shields        | 4 5 6 7 |  7.2
Armour         | 4 5 6 8 9 10 11 | 11.2
Fighting       | 4 5 6 7 9 10 | 10.7
Long Blades    | 3 4 5 6 7 8 10 12 13 | 13.3
Dodging        | 1 2 3 4 6 |  6.2
Stealth        | 1 2 3 4 |  4.5
Throwing       | |  0.6
Evocations     | |  0.8

Action                   |  1- 3 |  4- 6 |  7- 9 | 10-12 || total
-------------------------+-------+-------+-------+-------++-------
Melee: Long sword        |    89 |   112 |   296 |   381 ||   878
       Headbutt          |    14 |    17 |    61 |    89 ||   181
Throw: Javelin           |       |     3 |       |       ||     3
Invok: Berserk           |       |       |     3 |     9 ||    12
       Trog's Hand       |       |       |       |     2 ||     2
 Abil: Evoke Blink       |       |       |       |     2 ||     2
Evoke: Wand              |       |       |       |     3 ||     3
  Use: Scroll            |     2 |     7 |     8 |     6 ||    23
       Potion            |     1 |     1 |     1 |     7 ||    10
 Stab: Sleeping          |       |     1 |    13 |     1 ||    15
       Distracted        |       |       |       |     1 ||     1
Armor: Scale mail        |    68 |    47 |   130 |   136 ||   381
Dodge: Dodged            |    47 |    63 |   144 |   198 ||   452
Block: Buckler           |    24 |    16 |    73 |    91 ||   204
